AoeStats
← zamithdaniel

Black Forest

508995465Analyzed
3v3 RM · 8d ago on Sep 25, 2026· 66m 44s· 6 players
Game mode
Random Map
Map size
Normal (6 player)
Population
200
Speed
Normal
Resources
Standard
Victory
Conquest
Starting age
Dark Age
Ending age
Imperial Age
RankedLock teamsTeams togetherTeam positionsShared explorationLock speedFull tech treeHidden civsTurbo modeCheats
Victory
Defeat
🇨🇴 Turks · Colombia
1004
+12
🇨🇴 Persians · Colombia
903
+16
🇨🇴 Goths · Colombia
893
+16
🇨🇴 Saxons · Colombia
909
-15
🇨🇴 Varangians · Colombia
902
-15
🇨🇴 Danes · Colombia
888
-14
Doc.Exe
1:22 Loom
12:23 Feudal Age
13:16 Double-Bit Axe
20:03 Castle Age
17:44 Man-at-Arms
19:33 Forging
19:28 Gold Mining
20:24 Scale Mail Armor
20:51 Long Swordsman
21:48 Chain Mail Armor
21:22 Horse Collar
21:51 Gambesons
25:14 Heavy Plow
30:15 Wheelbarrow
29:29 Town Watch
29:59 Bow Saw
31:42 Hand Cart
34:49 Imperial Age
32:33 Squires
33:37 Iron Casting
33:31 Arson
34:56 Two-Handed Swordsman
35:00 Shield Wall
36:14 Conscription
36:46 Plate Mail Armor
36:15 Elite Hearth Troop
36:29 Champion
36:50 Capped Ram
37:41 Herbal Medicine
39:27 Siege Ram
45:11 Clerical Recruitment
46:35 Pikeman
48:10 Ballistics
48:50 Chemistry
48:01 Masonry
47:28 Halberdier
48:01 Fletching
48:11 Padded Archer Armor
50:50 Bodkin Arrow
51:10 Leather Archer Armor
52:24 Gold Shaft Mining
52:50 Two-Man Saw
51:57 Bracer
52:15 Elite Skirmisher
53:05 Thumb Ring
53:34 Ring Archer Armor
54:51 Redemption
54:57 Block Printing
54:29 Cranequins
54:32 Heavy Mounted Crossbowman
58:13 Murder Holes
58:49 Architecture
Isa
0:46 Loom
14:11 Feudal Age
14:39 Horse Collar
14:47 Double-Bit Axe
24:57 Castle Age
28:30 Bow Saw
28:25 Heavy Plow
29:53 Wheelbarrow
30:31 Forging
30:21 Scale Mail Armor
30:27 Scale Barding Armor
32:08 Hand Cart
32:31 Chain Mail Armor
33:50 Iron Casting
36:16 Stone Mining
37:37 Husbandry
38:12 Bloodlines
39:56 Chain Barding Armor
46:16 Imperial Age
46:09 Squires
46:35 Gothikon
46:40 Cavalier
49:44 Blast Furnace
51:00 Cavalier
52:02 Pikeman
54:14 Gold Mining
54:47 Elite Varangian Guard
57:07 Plate Barding Armor
57:03 Plate Mail Armor
57:26 Conscription
57:09 Town Watch
Traeri
1:22 Loom
13:54 Feudal Age
17:50 Castle Age
16:51 Double-Bit Axe
18:29 Crossbowman
19:29 Gold Mining
21:17 Fletching
22:40 Bodkin Arrow
31:26 Bow Saw
30:58 Horse Collar
32:44 Pikeman
35:46 Scale Mail Armor
35:56 Forging
37:28 Wheelbarrow
40:06 Imperial Age
39:15 Hand Cart
39:18 Squires
40:55 Halberdier
42:13 Heavy Plow
43:40 Chain Mail Armor
44:25 Conscription
47:49 Plate Mail Armor
47:54 Iron Casting
49:00 Bracer
49:41 Light Cavalry
51:17 Bloodlines
56:46 Padded Archer Armor
zamithdaniel
10:51 Feudal Age
17:11 Castle Age
15:59 Double-Bit Axe
16:27 Horse Collar
20:46 Bow Saw
20:44 Heavy Plow
33:41 Imperial Age
32:23 Gold Mining
32:25 Stone Mining
33:30 Loom
34:20 Wheelbarrow
33:31 Town Watch
33:48 Padded Archer Armor
33:59 Forging
33:54 Scale Barding Armor
35:23 Conscription
35:04 Artillery
36:28 Hand Cart
36:53 Gold Shaft Mining
38:20 Husbandry
38:32 Bloodlines
37:48 Elite Janissary
38:47 Leather Archer Armor
41:08 Two-Man Saw
41:19 Ring Archer Armor
41:25 Iron Casting
41:12 Chain Barding Armor
43:02 Fortified Wall
43:15 Ballistics
44:21 Blast Furnace
55:11 Plate Barding Armor
andres simijaca
9:00 Loom
11:56 Feudal Age
12:27 Double-Bit Axe
12:32 Horse Collar
13:38 Man-at-Arms
17:33 Gold Mining
20:08 Stone Mining
23:15 Castle Age
23:20 Fletching
24:46 Stone Shaft Mining
24:09 Bodkin Arrow
24:34 Bow Saw
24:51 Forging
25:21 Squires
25:26 Scale Mail Armor
25:53 Heavy Plow
26:14 Anarchy
29:02 Padded Archer Armor
29:30 Town Watch
30:57 Leather Archer Armor
31:50 Wheelbarrow
32:24 Long Swordsman
34:07 Hand Cart
36:31 Iron Casting
36:55 Ballistics
38:08 Chain Mail Armor
41:35 Imperial Age
44:45 Two-Man Saw
43:52 Bracer
48:21 Perfusion
52:21 Crop Rotation
63:46 Elite Huskarl
edwinsy22
0:40 Loom
13:19 Feudal Age
15:05 Wheelbarrow
14:36 Horse Collar
14:43 Double-Bit Axe
21:17 Castle Age
20:54 Gold Mining
20:57 Man-at-Arms
33:02 Gold Shaft Mining
34:09 Caravan
34:30 Bow Saw
34:37 Scale Barding Armor
34:43 Forging
39:08 Imperial Age
38:55 Hand Cart
38:45 Kamandaran
40:48 Chain Barding Armor
41:04 Iron Casting
40:19 Fletching
40:30 Padded Archer Armor
41:45 Two-Man Saw
40:49 Heavy Plow
42:01 Crossbowman
42:47 Thumb Ring
42:14 Elite War Elephant
43:38 Stone Mining
45:22 Chemistry
44:27 Town Watch
44:50 Husbandry
50:02 Stone Shaft Mining
51:16 Blast Furnace
50:51 Plate Barding Armor
51:13 Leather Archer Armor
50:53 Bodkin Arrow
51:16 Town Patrol
52:31 Conscription
63:21 Citadels
67:30 Ring Archer Armor
Connection lost

Rejoining the realm…

Still unreachable

The connection could not be restored.

Session expired

The server has moved on; the page needs a fresh start.